 Dungeon Crawl Stone Soup version 0.29.1-13-g9f3cf754e1 (webtiles) character file.

Game seed: 5845055217959537403

123 suse60 the Trooper (level 5, -4/43 HPs)
             Began as a Formicid Fighter on Jan 24, 2023.
             Killed by divine providence
             ... invoked by an orc priest
              (17 damage)
             ... on level 3 of the Dungeon.
             The game lasted 00:07:49 (2255 turns).

suse60 the Trooper (Formicid Fighter)               Turns: 2255, Time: 00:07:49

Health: -4/43      AC:  9    Str: 22    XL:     5   Next: 28%
Magic:  5/5        EV:  9    Int:  8    God:
Gold:   66         SH:  6    Dex: 13    Spells: 4/4 levels left

rFire   . . .      SeeInvis +   a - +0 war axe
rCold   . . .      Faith    .   c - +1 buckler
rNeg    . . .      Spirit   .   b - +0 scale mail
rPois   .          Reflect  .   (helmet unavailable)
rElec   .          Harm     .   (no cloak)
rCorr   .          Rampage  .   (no gloves)
Will    .....                   g - +1 pair of boots {Fly}
Stlth   ..........              (no amulet)
HPRegen 0.14/turn               (no ring)
MPRegen 0.09/turn               (no ring)

@: mighty, flying
A: permanent stasis, dig shafts and tunnels, antennae 3, four strong arms
a: Dig, Shaft Self


You were on level 3 of the Dungeon.
You visited 1 branch of the dungeon, and saw 3 of its levels.

You collected 66 gold pieces.

Inventory:

Hand Weapons
 a - a +0 war axe (weapon)
Armour
 b - a +0 scale mail (worn)
 c - a +1 buckler (worn)
 g - a +1 pair of boots of flying (worn)
Wands
 i - a wand of flame (15)
Scrolls
 f - 6 scrolls of identify
Potions
 e - 2 potions of curing
 h - a potion of magic {unknown}


   Skills:
 + Level 4.9 Fighting
 + Level 3.8 Axes
 - Level 3.2 Armour
 - Level 4.0 Shields


You had 4 spell levels left.
You didn't know any spells.
Your spell library contained the following spells:

 Spells                   Type           Power      Damage    Failure   Level
 Sandblast                Erth           0%         2d4       80%         1
 Passwall                 Tmut/Erth      0%         N/A       91%         2
 Stone Arrow              Conj/Erth      0%         3d7       99%         3


Dungeon Overview and Level Annotations

Branches:
Dungeon (3/15)

Altars:
Gozag


Innate Abilities, Weirdness & Mutations

You cannot be hasted, slowed, berserked, paralysed or teleported.
You can dig through walls and to a lower floor.
You have a pair of large antennae on your head. (SInv)
Your four strong arms can wield two-handed weapons with a shield.


Message History

You barely miss the orc. The orc hits you but does no damage.
You barely miss the orc. You block the orc's attack.
The orc closely misses you.
You hit the orc.
The orc is heavily wounded.
The orc hits you but does no damage.
You hit the orc.
You kill the orc!
You hit the orc priest.
The orc priest is moderately wounded.
The orc priest barely misses you.
The orc priest hits you but does no damage.
You hit the orc priest.
The orc priest is heavily wounded.
The orc priest mumbles some strange prayers to Beogh against you.
Pain shoots through your body!
You closely miss the orc priest.
The orc priest is heavily wounded.
You block the orc priest's attack.
You closely miss the orc priest.
The orc priest is heavily wounded.
The orc priest hits you with a +0 club.
The orc priest hits you but does no damage.
You hit the orc priest.
The orc priest is severely wounded.
The orc priest looks encouraged for a moment.
You barely miss the orc priest.
The orc priest is severely wounded.
The orc priest looks braver for a moment.
You completely miss the orc priest.
The orc priest is severely wounded.
The orc priest mumbles some strange prayers to Beogh against you.
Beogh smites you!
* * * LOW HITPOINT WARNING * * *
The orc priest hits you with a +0 club.
* * * LOW HITPOINT WARNING * * *
You feel better.
The orc priest invokes the aid of Beogh against you.
Beogh smites you!
You die...

*,,,,,,***************
*,,***,, *,,,,,,*
*,......,,,***,,,,**,
*,,,,,,*
*,,....,,,,,,,,,,,,,,
*,,,,,,*
*,,....,,,,**,,***,,,
********
*,,...,,,,,,,,** ***,
***#..**,,***** *,
#o#**,** *, #o# *,# *,
##@###.# ** #..#...# *
#....#** ##..### #...#
****
#..[#*####*******,,,
####..##.....,,,,,,,,**
#........#************
###...####


You could see an orc priest and an orc wizard (invisible).

Vanquished Creatures
  Jessica (D:2)
  A gnoll (D:1)
  3 adders (D:2)
  A worm (D:2)
  A dart slug (D:2)
  3 orcs (D:3)
  2 endoplasms
  A giant cockroach (D:2)
  3 goblins
  6 hobgoblins
  3 jackals (D:1)
  2 quokkas
  9 ball pythons
  4 bats
  4 frilled lizards
  5 kobolds
  3 rats
52 creatures vanquished.

Notes
Turn   | Place    | Note
-------+----------+-------------------------------------------
     0 | D:1      | suse60 the Formicid Fighter began the quest for the Orb.
     0 | D:1      | Reached XP level 1. HP: 18/18 MP: 1/1
   170 | D:1      | Reached XP level 2. HP: 24/24 MP: 2/2
   472 | D:1      | Reached XP level 3. HP: 25/30 MP: 3/3
   664 | D:1      | Identified a scroll of acquirement
   664 | D:1      | Acquired a +1 pair of boots of flying
   864 | D:1      | Found a faded altar of an unknown god.
  1129 | D:2      | Found an opulent altar of Gozag.
  1131 | D:2      | Noticed Jessica
  1138 | D:2      | Killed Jessica
  1139 | D:2      | Reached XP level 4. HP: 22/38 MP: 4/4
  1585 | D:2      | Reached XP level 5. HP: 43/43 MP: 5/5
  2255 | D:3      | Killed from afar by an orc priest

Illustrated notes

Levels and vault maps discovered:
D:1:      tarquinn_simple_flora_water_a, layout_basic,
          ebering_ecumenical_altar_sacrificial, kennysheep_boxes
D:2:      minmay_skewed_foursquare, layout_basic, basic_altar, uniq_jessica
D:3:      layout_rooms, serial_curves, eino_curves_01, eino_curves_03

Skill      XL: |  1  2  3 |
---------------+----------+-----
Fighting       | 4 |  4.9
Axes           | 3 |  3.8
Armour         | |  3.2
Shields        | |  4.0

Action                   |  1- 3 |  4- 6 || total
-------------------------+-------+-------++-------
Melee: War axe           |    55 |    75 ||   130
  Use: Scroll            |     3 |     5 ||     8
       Potion            |       |     2 ||     2
Armor: Scale mail        |    29 |    29 ||    58
Dodge: Dodged            |    18 |    25 ||    43
Block: Buckler           |    12 |    16 ||    28
